 Dungeon Crawl Stone Soup version 0.20.1-1-g8b1a95d (console) character file.

581 hilaritas the Magician (level 7, 0/38 HPs)
             Began as a Deep Elf Ice Elementalist on Aug 25, 2017.
             Was a Follower of Sif Muna.
             Slain by Pikel
             ... wielding a +2 whip of freezing
              (3 damage)
             ... on level 6 of the Dungeon.
             The game lasted 00:17:08 (5970 turns).

hilaritas the Magician (Deep Elf Ice Elementalist)  Turns: 5970, Time: 00:17:09

Health: 0/38       AC:  9    Str:  6    XL:     7   Next: 13%
Magic:  0/18       EV: 13    Int: 21    God:    Sif Muna [*.....]
Gold:   87         SH:  0    Dex: 15    Spells: 8/18 levels left

rFire    . . .     SeeInvis .   n - +0 dagger (elec)
rCold    . . .     Gourm    .   (no shield)
rNeg     . . .     Faith    .   a - +1 robe
rPois    .         Spirit   .   (no helmet)
rElec    .         Reflect  .   (no cloak)
rCorr    .         Harm     .   (no gloves)
MR       .....                  (no boots)
Stlth    ++........             y - amulet of magic regeneration
Regen    0.2/turn               j - ring of wizardry
MPRegen  0.3/turn               (no ring)

@: icy armour, very slightly contaminated, hasted, very quick
A: no striking features
a: Divine Energy, Renounce Religion


You were on level 6 of the Dungeon.
You worshipped Sif Muna.
Sif Muna was aware of your devotion.
You were near starving.

You visited 1 branch of the dungeon, and saw 6 of its levels.
You also visited: Sewer.

You collected 197 gold pieces.
You spent 110 gold pieces at shops.

Inventory:

Hand Weapons
 n - a +0 dagger of electrocution (weapon)
Missiles
 f - 219 stones (quivered)
Armour
 a - a +1 robe (worn)
 o - a +1 leather armour of cold resistance
Jewellery
 j - a ring of wizardry (left hand)
 y - an amulet of magic regeneration (around neck)
Wands
 s - a wand of polymorph (9/24)
 t - a wand of random effects (18/48)
 v - a wand of digging (20/24)
Scrolls
 i - a scroll of fear
 q - 4 scrolls of amnesia
 r - a scroll of identify
 u - 2 scrolls of remove curse
Potions
 d - 3 potions of brilliance {unknown}
 e - 5 potions of haste
 g - a potion of heal wounds {unknown}
 k - 3 potions of flight {unknown}
 l - a potion of cancellation {unknown}
 m - a potion of berserk rage {unknown}
 p - 5 potions of curing
 w - 2 potions of lignification {unknown}
 z - a potion of magic {unknown}
 A - a potion of agility {unknown}
Books
 b - a book of Frost

   Spells                             Type                      Level
   a - Freeze                         Ice                          1
   b - Throw Frost                    Conjuration/Ice              2
   c - Ozocubu's Armour               Charms/Ice                   3
   d - Throw Icicle                   Conjuration/Ice              4
   e - Summon Ice Beast               Ice/Summoning                4
Comestibles
 c - 6 bread rations
 h - a meat ration
 x - a royal jelly


   Skills:
 - Level 1.0 Fighting
 - Level 3.0 Dodging
 - Level 2.4 Stealth
 - Level 6.0 Spellcasting
 + Level 3.1 Conjurations
 - Level 1.3 Charms
 + Level 5.8 Ice Magic
 * Level 2.8 Invocations


You had 8 spell levels left.
You knew the following spells:

 Your Spells              Type           Power        Failure   Level  Hunger
a - Freeze                Ice            ####         1%          1    None
b - Throw Frost           Conj/Ice       ####..       1%          2    None
c - Ozocubu's Armour      Chrm/Ice       ###.....     2%          3    ##.....
d - Throw Icicle          Conj/Ice       ####....     6%          4    ####...


Dungeon Overview and Level Annotations

Branches:
Dungeon (6/15)             Temple (0/1) D:4

Altars:
Ashenzari
Nemelex Xobeh
Okawaru
Qazlal
Ru
Sif Muna
Trog

Shops:
D:4 *

Annotations:
D:6 Pikel


Message History

You feel yourself speed up. Pikel closely misses you.
You closely miss Pikel.
Pikel is lightly wounded.
You closely miss Pikel.
Pikel is lightly wounded.
Pikel hits you with a whip of freezing.
* * * LOW HITPOINT WARNING * * *
Pikel freezes you.
* * * LOW HITPOINT WARNING * * *
Casting: Freeze
Confirm with . or Enter, or press ? or * to list all spells.
Aiming: Freeze
Press: ? - help, Shift-Dir - straight line, f/p - Pikel
Aim: Pikel, wielding a whip of freezing and wearing a robe (lightly wounded)
You freeze Pikel.
Pikel is moderately wounded.
Pikel hits you with a whip of freezing!
* * * LOW HITPOINT WARNING * * *
Pikel freezes you.
You die...

# #.
.##.#.#######.#...
.......ppK@.......
##.#.#p#####.#.#.
#<....# #K#...#
#p###.# #.. # ###


You could see Pikel and 3 slaves.

Vanquished Creatures
  A slave (D:6)
  A big kobold (Sewer)
  A hound (D:4)
  An orc wizard (D:4)
  An orc priest (D:4)
  Ijyb (D:5)
  An iguana (D:4)
  Natasha (thrice) (D:3)
  2 worker ants (D:4)
  11 adders
  2 river rats (Sewer)
  2 oozes (D:1)
  An adder skeleton (D:4)
  2 worms (D:2)
  A dart slug (D:2)
  5 leopard geckos
  8 orcs
  7 bats
  4 giant cockroaches
  8 goblins
  9 hobgoblins
  8 jackals
  14 kobolds
  2 quokkas
  2 ball pythons
  6 frilled lizards
  A giant cockroach zombie (D:5)
  16 rats
121 creatures vanquished.

Vanquished Creatures (others)
  An ogre (D:4)
  An orc priest (D:4)
  A centaur skeleton (D:4)
  An orc (D:4)
  A jackal (D:4)
5 creatures vanquished.

Grand Total: 126 creatures vanquished

Notes
Turn   | Place    | Note
-------+----------+-------------------------------------------
     0 | D:1      | hilaritas the Deep Elf Ice Elementalist began the quest for the Orb.
     0 | D:1      | Reached XP level 1. HP: 10/10 MP: 6/6
   253 | D:1      | Reached XP level 2. HP: 15/15 MP: 5/8
   363 | D:1      | Learned a level 2 spell: Throw Frost
   825 | D:1      | Reached XP level 3. HP: 13/19 MP: 3/9
  1392 | D:1      | Learned a level 3 spell: Ozocubu's Armour
  1597 | D:2      | Reached skill level 5 in Ice Magic
  1716 | D:2      | Reached XP level 4. HP: 24/24 MP: 8/10
  2472 | D:3      | Learned a level 4 spell: Throw Icicle
  2543 | D:3      | Noticed Natasha
  2548 | D:3      | Killed Natasha
  2548 | D:3      | Reached skill level 4 in Spellcasting
  2638 | D:3      | Found a stormy altar of Qazlal.
  2639 | D:3      | Found a sacrificial altar of Ru.
  2643 | D:3      | Found a bloodstained altar of Trog.
  2643 | D:3      | Found a deep blue altar of Sif Muna.
  2654 | D:3      | Noticed Natasha
  2664 | D:3      | Killed Natasha
  2664 | D:3      | Reached XP level 5. HP: 18/28 MP: 0/14
  2671 | D:3      | Became a worshipper of Sif Muna the Loreminder
  2685 | D:3      | Noticed Natasha
  2693 | D:3      | Killed Natasha
  2693 | D:3      | Reached skill level 5 in Spellcasting
  2824 | D:3      | Found a faded altar of an unknown god.
  3541 | D:4      | Reached skill level 6 in Spellcasting
  3577 | D:4      | Found Ronwill's General Store.
  3591 | D:4      | Bought a potion of haste for 110 gold pieces
  3844 | D:4      | Killed an ogre
  3920 | D:4      | Reached XP level 6. HP: 33/33 MP: 10/17
  4049 | D:4      | Reached skill level 1 in Fighting
  4049 | D:4      | Reached skill level 1 in Charms
  4049 | D:4      | Reached skill level 1 in Invocations
  4357 | D:4      | Found a shattered altar of Ashenzari.
  4601 | D:4      | Found a staircase to the Ecumenical Temple.
  4632 | D:4      | Found a sparkling altar of Nemelex Xobeh.
  4632 | D:4      | Found an iron altar of Okawaru.
  4790 | D:5      | Entered Level 5 of the Dungeon
  4819 | D:5      | Noticed Ijyb
  4827 | D:5      | Killed Ijyb
  5013 | D:5      | Found a glowing drain.
  5024 | Sewer    | Entered a sewer
  5180 | Sewer    | Reached * piety under Sif Muna
  5187 | Sewer    | Reached XP level 7. HP: 38/38 MP: 8/18
  5293 | Sewer    | Found a white marble altar of Elyvilon.
  5951 | D:6      | Noticed Pikel
  5970 | D:6      | Slain by Pikel

Skill      XL: |  1  2  3  4  5  6 |
---------------+-------------------+-----
Ice Magic      | 4 5 |  5.8
Conjurations   | 2 3 |  3.1
Spellcasting   | 4 6 |  6.0
Fighting       | 1 |  1.0
Charms         | 1 |  1.3
Invocations    | 2 |  2.8
Dodging        | 3 |  3.0
Stealth        | |  2.4

Action                   |  1- 3 |  4- 6 |  7- 9 || total
-------------------------+-------+-------+-------++-------
Melee: Unarmed           |     2 |       |       ||     2
       Dagger            |     6 |    14 |     4 ||    24
 Cast: Freeze            |    52 |    55 |    10 ||   117
       Throw Frost       |     6 |    52 |     1 ||    59
       Throw Icicle      |       |    19 |     4 ||    23
       Ozocubu's Armour  |       |     2 |     1 ||     3
  Use: Scroll            |       |     8 |       ||     8
       Potion            |       |       |     2 ||     2
  Eat: Chunk             |     3 |    13 |     1 ||    17
Armor: Robe              |     5 |    10 |     4 ||    19
Dodge: Dodged            |    23 |    32 |     5 ||    60
